[Event "FIDE CB Open 2022"]
[Site "Ceske Budejovice"]
[Date "2022.07.01"]
[Round "1.1"]
[White "Roshka, Yevgeniy"]
[Black "Vrchotka, Josef"]
[Result "1-0"]
[ECO "E60"]
[WhiteElo "2497"]
[BlackElo "1959"]
[Annotator "TA"]
[PlyCount "125"]
[EventDate "2022.07.01"]
[EventType "swiss"]
[EventCountry "CZE"]
[SourceTitle "playchess.com"]
[Source "ChessBase"]
[SourceQuality "1"]
[TimeControl "40/5400+30:1800+30"]

1. d4 Nf6 2. c4 g6 3. h4 c5 4. d5 e6 5. Nc3 exd5 {[%emt 0:00:17] [#]} 6. Nxd5 $146 {[%emt 0:00:44] E60: King's Indian: Unusual lines and Fianchetto Variation without Nc3.} ({Predecessor:} 6. cxd5 d6 7. e4 a6 8. a4 Bg7 9. Nf3 Bg4 10. Be2 Nbd7 11. Bf4 Qe7 12. Nd2 Bxe2 13. Qxe2 {0-1 (36) Maghsoodloo,P (2699)-Bachmann,A (2588) Chess.com INT 2022}) 6... Nxd5 7. Qxd5 {[%emt 0:00:07] Strongly threatening Qe5+.} Nc6 {[%emt 0:10:35] Against Qe5+} 8. Nf3 {[%emt 0:15:32] The position is equal.} d6 9. Ng5 (9. Bg5 $11 f6 10. Bf4) 9... Qe7 $1 $17 {[%emt 0:03:10] ...h6 is the strong threat.} 10. Bd2 Bg7 11. h5 Bf5 {[%emt 0:11:46] Inhibits Ne4.} 12. g4 Bxb2 $2 {[%emt 0:03:37] [#]} (12... Bxg4 $17 {stays on course. Threatens to win with ...Bf5.} 13. O-O-O Bxh5) 13. gxf5 $1 $16 Bxa1 14. hxg6 {[%emt 0:00:12] White is more active.} fxg6 15. Rxh7 Rxh7 $11 16. Qg8+ Kd7 17. Qxa8 {[%emt 0:00:05] Chess con chili.} Kc7 18. Nxh7 Qxh7 19. Bg2 gxf5 20. Qe8 Qd7 21. Qh5 Qg7 22. Qf3 ({White should play} 22. Kf1 $1 $11) 22... Qb2 (22... Bb2 $15 23. Kf1 Qd4) 23. Qxf5 Qxa2 24. Bd5 (24. e3 $11) 24... Be5 (24... Ne7 $17 25. Qh7 Bg7 $1 ) 25. f4 Qa1+ 26. Kf2 Bd4+ 27. e3 Qb2 28. Qd3 (28. Qf7+ $11 Kb6 29. Ke1) 28... Bf6 (28... Nb4 $1 $17 29. Qh7+ Bg7) 29. Kf3 Qa1 30. Ke2 Qb2 31. Kf3 Qa1 (31... Ne7 $15) 32. Kg2 (32. Ke2 $11) 32... Qb2 (32... Ne7 $15) 33. Kh3 (33. Kf3 $11) 33... Bg7 ({Better is} 33... Ne7 $15) 34. Bf3 (34. Bxc6 $11 {should be considered.} Kxc6 35. Ba5) 34... Qf6 $15 35. Kg3 Ne7 36. Be4 (36. Qe4 $11 {deserves consideration.} Qg6+ 37. Qxg6 Nxg6 38. Kg4) 36... Qb2 37. Kh3 Qa1 38. Bf3 Qf6 39. Qe4 Nc6 ({Don't do} 39... d5 40. cxd5 Nf5 41. Ba5+ b6 42. Be1 $16) 40. Be1 Kd7 (40... a6 $15) 41. Bh4 $11 {[%emt 0:30:13] This bishop pair is nice.} Qf8 42. Qh7 Qh8 43. Qf5+ Kc7 44. Qf7+ Kb6 $1 45. Qe6 Bf8 {[%emt 0:02:36] aiming for ...Be7.} 46. Qe8 Bg7 47. Qg6 Bf8 48. Kg4 {[%emt 0:01:30] Black must now prevent Bf6.} a5 $2 {[%emt 0:01:39] White now steadily converts the win.} (48... Qg7 $11 {and Black has nothing to worry.} 49. Qxg7 Bxg7) 49. Bxc6 $18 bxc6 {[%emt 0:00:00][%mdl 4096] Endgame KQB-KQB} 50. Bd8+ Ka6 51. Qe8 ({Not} 51. Qb1 Qg7+ 52. Kf3 Qb7 $14) 51... Qg7+ 52. Kf3 Kb7 53. Bxa5 Qe7 $2 (53... d5 54. cxd5 cxd5 55. Qb5+ Kc8 56. Qc6+ Kb8 57. Qb6+ Qb7 58. Qd8+ Qc8 59. Qxd5 Qb7 60. Qxb7+ Kxb7) 54. Qxe7+ $1 Bxe7 {[%emt 0:00:00] KB-KB} 55. Ke4 Kc8 56. Kf5 $1 {[%emt 0:00:00] Intending Ke6 and mate.} Kd7 57. Kg6 d5 {[%emt 0:00:00] [#]} 58. f5 $2 (58. Bc3 $1 $18 {is the precise move to win. Threatening mate with f5.} Bf8 59. f5) 58... Kd6 $2 (58... d4 $16) 59. Bc3 Bf8 60. Kf7 Bh6 61. f6 Bxe3 62. Kg8 Ke6 63. f7 {[%emt 0:00:00] Weighted Error Value: White=0.33/Black=0.69} (63. cxd5+ $142 cxd5 64. f7 d4 {[#]} 65. f8=Q $1 Ke5 66. Qf3 Bg5 67. Be1 d3 68. Bc3+ Kd6 69. Qxd3+ Kc6 70. Qg6+ Kd5 71. Qxg5+ Ke4 72. Qxc5) 1-0

[Event "FIDE CB Open 2022"]
[Site "Ceske Budejovice"]
[Date "2022.07.01"]
[Round "1.2"]
[White "Chval, Zdenek"]
[Black "Havelka, Josef"]
[Result "1-0"]
[ECO "B88"]
[WhiteElo "2063"]
[BlackElo "2396"]
[Annotator "TA"]
[PlyCount "63"]
[EventDate "2022.07.01"]
[EventType "swiss"]
[EventCountry "CZE"]
[SourceTitle "playchess.com"]
[Source "ChessBase"]
[SourceQuality "1"]
[TimeControl "40/5400+30:1800+30"]

1. e4 c5 2. Nf3 Nc6 3. d4 cxd4 4. Nxd4 Nf6 5. Nc3 d6 6. Bc4 e6 7. O-O Be7 8. Be3 O-O 9. Kh1 Bd7 10. f4 Nxd4 {[%emt 0:03:35] B88: Sicilian: Sozin Attack.} 11. Bxd4 Bc6 12. Qe2 d5 {[%emt 0:27:27] [#] The position is equal.} 13. exd5 $146 (13. Rad1 $5) ({Predecessor:} 13. Rad1 Re8 14. f5 Qc8 15. e5 exf5 16. exf6 Bxf6 17. Qh5 Bxd4 18. Nxd5 g6 19. Qf3 {0-1 (48) Bogdanov,E (2348)-Pugachov,I (2025) Lvov 2017}) 13... exd5 {[%emt 0:00:15] [#]} 14. Rad1 $1 Re8 15. Qf2 dxc4 16. Bxf6 Bxf6 17. Rxd8 Raxd8 18. Re1 (18. Qxa7 $2 Rd2 19. Qg1 Bd4 $19) 18... Rxe1+ 19. Qxe1 Bd4 20. h3 h5 21. Qe2 h4 22. Qxc4 (22. Qe1 $11) 22... Be3 $17 23. Ne2 Rd2 {[%emt 0:01:11][%mdl 1024] And now ...g6 would win. Black has strong compensation.} 24. b4 {[%emt 0:02:06] [#]} g6 $1 {[%emt 0:00:54] aiming for ...Bf2.} 25. b5 {[%emt 0:01:40] [#]} Bd5 {[%emt 0:00:46] A strong pair of Bishops.} (25... Bd7 $1 $17 {[%cal Rd7e6] Hoping for ...Be6.} 26. Nc3 Bf5) 26. Qc8+ $14 Kh7 27. Qg4 Kg7 28. f5 $1 {[%emt 0:00:59] Threatens to win with c4.} Rxc2 29. fxg6 f5 30. Qh5 {[%emt 0:04:45] Strongly threatening Qh7+.} (30. Qxf5 Rxe2 31. Qd7+ (31. Qxd5 {is a self mate.} Re1+ 32. Kh2 Bg1+ 33. Kh1 Bf2+ 34. Kh2 Bg3#) 31... Kh6 32. Qh7+ (32. Qxd5 {leads to mate.} Re1+ 33. Kh2 Bg1+ 34. Kh1 Bf2+ 35. Kh2 Bg3#) 32... Kg5 33. Qe7+ Kf5 34. Qd7+ Ke5 35. Qg7+ Kd6 36. Qf8+ Kd7 37. Qg7+ Kd8 38. Qf8+ (38. Qf6+ $2 Kc7 $19) 38... Kc7 39. Qe7+ Kb6 40. Qd8+ (40. Qd6+ $2 Bc6 $19) 40... Kc5 41. Qe7+ Kxb5 42. Qd7+ Kc5 43. Qe7+ Kb5 44. Qd7+ Kc4 45. Qa4+ Kc5 46. Qa3+ Kc6 47. Qc3+ Bc5 48. Qf6+ Kb5 49. a4+ Kc4 50. Qxh4+ Bd4 $19) 30... Rd2 $2 (30... Bf2 $14) 31. Qh7+ $18 Kf6 32. Qxh4+ {[%emt 0:00:13] Weighted Error Value: White=0.15 (very precise) /Black=0.26 (precise)} 1-0

[Event "FIDE CB Open 2022"]
[Site "Ceske Budejovice"]
[Date "2022.07.01"]
[Round "1.3"]
[White "Velicka, Petr"]
[Black "Nejdl, Eduard"]
[Result "1-0"]
[ECO "B04"]
[WhiteElo "2384"]
[BlackElo "1951"]
[Annotator "TA"]
[PlyCount "50"]
[EventDate "2022.07.01"]
[EventType "swiss"]
[EventCountry "CZE"]
[SourceTitle "playchess.com"]
[Source "ChessBase"]
[SourceQuality "1"]
[TimeControl "40/5400+30:1800+30"]

1. e4 Nf6 2. e5 Nd5 3. d4 d6 4. Nf3 dxe5 5. Nxe5 c6 6. Bc4 g6 7. O-O Bg7 8. Re1 {[%emt 0:07:37] B04: Alekhine's Defence: 4 Nf3.} Nd7 9. Nf3 N7f6 10. Bb3 {[%emt 0:02:02] White is slightly better.} O-O 11. Nbd2 a5 12. a4 (12. c3 $14 {is superior.}) 12... Bf5 13. Nc4 Qc7 14. Nce5 Rad8 {[%emt 0:01:45] [#]} 15. Nd3 $146 ({Predecessor:} 15. Qe2 c5 16. h3 Bc8 17. Bd2 b6 18. c3 e6 19. Rac1 Bb7 20. Bg5 h6 21. Bd2 {1-0 (58) Ernst,T (2321)-Laveryd,P (2368) Sweden 2019}) 15... Bxd3 (15... b6 {is more complex.} 16. h3 c5 17. Nde5 cxd4 18. Nxd4 Ne4) 16. Qxd3 Rfe8 17. c3 Nd7 18. Bg5 Nf8 19. Bh4 Ne6 20. Rad1 Qc8 21. Bg3 Nef4 22. Qe4 Qf5 {[%emt 0:00:48] [#] This costs Black the game.} (22... Nh5 $16) 23. c4 Qxe4 24. Rxe4 Nf6 (24... Nh5 {was necessary.}) 25. Rxf4 $18 e5 {[%emt 0:01:04] Weighted Error Value: White=0.14 (very precise) /Black=0.32} 1-0

[Event "FIDE CB Open 2022"]
[Site "Ceske Budejovice"]
[Date "2022.07.01"]
[Round "1.4"]
[White "Lang, Simon"]
[Black "Neuman, Petr"]
[Result "0-1"]
[ECO "B60"]
[WhiteElo "1942"]
[BlackElo "2378"]
[Annotator "TA"]
[PlyCount "112"]
[EventDate "2022.07.01"]
[EventType "swiss"]
[EventCountry "CZE"]
[SourceTitle "playchess.com"]
[Source "ChessBase"]
[SourceQuality "1"]
[TimeControl "40/5400+30:1800+30"]

1. e4 c5 2. Nf3 d6 3. d4 cxd4 4. Nxd4 Nf6 5. Nc3 Nc6 6. Bg5 Bd7 7. f4 h6 {[%emt 0:02:57] B60: Sicilian: Richter-Rauzer: Unusual Black 6th moves and 6...Bd7 without 7 Qd2.} 8. Bh4 (8. Bxf6 $14 gxf6 9. Qd3) 8... g5 $11 9. fxg5 hxg5 {[%emt 0:00:18] The position is equal.} 10. Bxg5 Bg7 {[%emt 0:00:11] [#]} 11. Nf5 $146 ({Predecessor:} 11. Qd2 Rc8 12. Nf3 Qa5 13. Bd3 Ng4 14. Nd5 e6 15. Ne3 Nge5 16. Nxe5 Qxd2+ 17. Kxd2 Nxe5 {0-1 (58) Demidowicz,M (1982)-Klim,K (2108) Barlinek 2007}) 11... Bxf5 12. exf5 Qa5 {[%emt 0:06:47] [#] White must now prevent ...Ne4.} 13. Qf3 {[%emt 0:05:18] Inhibits Ne4.} (13. Bb5 $11) 13... Nd4 (13... Qe5+ $15 14. Qe3 Qxf5) 14. Qxb7 $2 (14. Qd3 $1 $11 {and White is okay.} Nd5 15. Kd1) 14... O-O $19 15. Bxf6 (15. O-O-O $2 Rab8 16. Bxf6 (16. Qxe7 $2 Nd5 $19) 16... Bh6+ 17. Kb1 exf6 $19) 15... Bxf6 16. Qe4 {[%emt 0:05:18] [#]} Nxf5 $2 ({Better is} 16... Rab8 $1 $19 17. Kf2 (17. Qg4+ $2 Bg7 $19) 17... Rfc8) 17. Bd3 $11 Bxc3+ 18. bxc3 Qxc3+ 19. Kf2 Qc5+ 20. Ke1 e6 21. Rf1 Rab8 {[%emt 0:02:14] And now ...Rb4 would win.} 22. Rf4 $2 (22. a3 $15) 22... Rfc8 $2 (22... Qc3+ $19 23. Kf2 Qxa1 24. Rg4+ Kh8 25. Rh4+ Kg7 26. Rg4+ Kf6) 23. g4 (23. Kf1 $11) 23... d5 {[%emt 0:17:16] Black is more active.} (23... Qg1+ $17 24. Rf1 Qe3+ 25. Qxe3 Nxe3) 24. Qe5 $15 Qg1+ 25. Kd2 Qxh2+ 26. Kd1 $1 Ng7 $36 {[%emt 0:04:39][%mdl 2048] ...Rb4 is the strong threat. Black fights for an advantage.} ({But not} 26... Qg1+ $6 27. Kd2 Qg2+ 28. Kd1 $17) 27. g5 $2 (27. Qf6 $1 $11 {and White has nothing to worry.}) 27... Rb4 $19 {[%emt 0:03:57] Dancing on a razor blade.} 28. Re4 Qxe5 29. Rxe5 Rcb8 30. Kd2 Rh4 31. Rf1 Rb6 32. g6 (32. Rf6 $17 {is a better defense.}) 32... f5 33. Rf3 Kf8 34. Be2 Ke7 35. Ra3 Rb7 36. Ra6 Rhb4 37. Ke3 (37. Re3 {was called for.}) 37... Rc7 38. Bd3 Rb6 39. Rxb6 axb6 {[%emt 0:00:02][%mdl 4096] Endgame KRB-KRN} 40. a4 (40. Kd4 $142) 40... Kf6 41. Kd4 f4 42. c3 Rc8 ({Not} 42... Nf5+ 43. Bxf5 exf5 44. Rxd5 $17) 43. Re1 Rd8 44. Bc2 (44. Re5 $142) 44... e5+ 45. Kd3 e4+ 46. Ke2 Nf5 47. Kf2 Kxg6 48. Rg1+ Kf6 {[%emt 0:00:00] Strongly threatening ...Rh8.} 49. Rg4 Ke5 {[%emt 0:00:00] Threatens to win with ...Rc8.} 50. Rg6 Rd6 51. Rg5 Rc6 52. Bd1 f3 53. Rg8 Rxc3 {[%emt 0:00:00] Black mates.} 54. Rb8 Rd3 55. Ke1 f2+ 56. Ke2 Rf3 {[%emt 0:00:00] Weighted Error Value: White=1.02/Black=0.36} 0-1

[Event "FIDE CB Open 2022"]
[Site "Ceske Budejovice"]
[Date "2022.07.01"]
[Round "1.5"]
[White "Simek, Petr"]
[Black "Tsifanskaya, Ludmila A"]
[Result "1-0"]
[ECO "D77"]
[WhiteElo "2348"]
[BlackElo "1941"]
[Annotator "TA"]
[PlyCount "112"]
[EventDate "2022.07.01"]
[EventType "swiss"]
[EventCountry "CZE"]
[SourceTitle "playchess.com"]
[Source "ChessBase"]
[SourceQuality "1"]
[TimeControl "40/5400+30:1800+30"]

1. d4 Nf6 2. c4 e6 3. Nf3 d5 4. g3 g6 5. Bg2 Bg7 6. O-O O-O 7. Qc2 Na6 {[%emt 0:12:04] 7...b6 is the modern continuation. D77: Fianchetto Grünfeld: 6 0-0: Replies other than 6...c6.} (7... b6 {is interesting.} 8. Ne5 Nfd7 9. Rd1 c6) 8. a3 {[%emt 0:13:18] was the old line (8.Rd1).} c5 {[%emt 0:10:52] Prevents b4.} 9. dxc5 {[%emt 0:01:35] [#]} dxc4 $146 (9... Nxc5 $11 {keeps the balance.} 10. cxd5 b6) ({Predecessor:} 9... Nxc5 10. b4 Nce4 11. Bb2 Bd7 12. cxd5 Rc8 13. Qb3 exd5 14. Bd4 Re8 15. a4 Qc7 {0-1 (44) Rausis,I (2481)-Narciso Dublan,M (2534) Fagernes 2012}) 10. Qxc4 $16 Qd5 11. Qh4 (11. Qxd5 Nxd5 12. e4 Ne7 $14) 11... Qxc5 12. Nc3 {[%emt 0:05:07] And now Bg5 would win.} (12. Bg5 {is more complex.} Nd5 13. e4 f6 14. exd5 fxg5 15. Nxg5 h6 16. Ne4) 12... Qh5 13. Qxh5 Nxh5 14. Be3 Nf6 15. Bd4 {[%emt 0:07:09] White is more active.} Nc7 16. Rac1 Ncd5 17. Rfd1 b6 18. Nxd5 exd5 19. e3 Bf5 20. Nh4 (20. Ne5 $16) 20... Be6 $11 21. Rc2 Rac8 22. Re2 Ne4 (22... Bg4 {with more complications.} 23. Nf3 Ne4 24. h3 Bxf3 25. Bxf3 Rfd8) 23. Nf3 f6 24. h3 Rc7 25. Ne1 Rfc8 26. Nd3 Rc2 (26... f5 $11) 27. Rxc2 $1 $14 Rxc2 28. Nb4 (28. Nf4 $1 $14 Kf7 29. Bxe4 dxe4 30. Bc3) 28... Rc8 $11 (28... Nxf2 $2 29. Re1 $18 (29. Rf1 Nxh3+ 30. Bxh3 Bxh3 $18)) 29. Bf1 Ng5 30. h4 Nf3+ 31. Kg2 Nxd4 32. Rxd4 f5 33. Rd2 a5 34. Nxd5 Bxd5+ 35. Rxd5 Bxb2 {[%emt 0:00:26][%mdl 4096] Endgame KRB-KRB} 36. a4 Ba3 37. Rd7 h6 (37... Re8 $11) 38. Rb7 Bc5 39. Bc4+ Kh8 40. Bf7 Rc6 41. h5 gxh5 42. Bxh5 Bb4 43. Be8 Rf6 (43... Rc5 $16 {was called for.} 44. Bd7 (44. Rxb6 Kg7 $16) 44... Be1) 44. Bb5 $1 $18 Kg8 45. Bd3 Kf8 46. Rd7 $1 Bd6 47. Kh3 (47. Bc2 $142) 47... Bb4 {[%emt 0:00:53] [#]} (47... Ke8 $16 {is a better defense.} 48. Bb5 Bc5) 48. Rd5 $1 Be1 49. Kg2 ({Don't play} 49. Bxf5 $6 Bxf2 50. e4 Bc5 $11) ({And not} 49. Rxf5 Rxf5 50. Bxf5 Bxf2 $11) 49... Ke7 50. Bxf5 Rd6 $2 {[%emt 0:01:06][%mdl 8192] [#]} (50... Rc6 $16 {is a better chance.} 51. Rd7+ Kf8) 51. Rxd6 $1 Kxd6 {[%emt 0:00:01] KB-KB} 52. Bd3 Bd2 53. Kf3 Bc3 54. Ke2 Kc5 55. f4 Bf6 56. g4 $2 (56. Bb5 $18 {has better winning chances.}) 56... Be7 $2 {[%emt 0:01:07] Weighted Error Value: White=0.11 (very precise) /Black=0.27 (precise)} (56... Bc3 $16 57. e4 Kd4) 1-0

[Event "FIDE CB Open 2022"]
[Site "Ceske Budejovice"]
[Date "2022.07.01"]
[Round "1.6"]
[White "Hlavac, Rudolf"]
[Black "Mostbauer, Florian"]
[Result "0-1"]
[ECO "B15"]
[WhiteElo "1931"]
[BlackElo "2303"]
[Annotator "TA"]
[PlyCount "60"]
[EventDate "2022.07.01"]
[EventType "swiss"]
[EventCountry "CZE"]
[SourceTitle "playchess.com"]
[Source "ChessBase"]
[SourceQuality "1"]
[TimeControl "40/5400+30:1800+30"]

1. e4 c6 2. d4 d5 3. Nc3 dxe4 4. Nxe4 Nf6 5. Nxf6+ exf6 6. c3 Bd6 7. Bd3 O-O 8. Qc2 Re8+ {[%emt 0:00:10] B15: Caro-Kann: 3 Nc3: 3...g6 and 3...dxe4 4 Nxe4 Nf6 5 Nxf6+ exf6.} 9. Ne2 h5 10. Be3 Nd7 {[%emt 0:00:12] The position is equal.} 11. O-O-O b5 12. Nf4 Bxf4 13. Bxf4 Nb6 $1 {[%emt 0:00:20] [#]} 14. h4 $146 (14. Bh7+ $11 Kh8 15. Be4) ({Predecessor:} 14. h3 Be6 15. g4 h4 16. Rhg1 Qd5 17. b3 Qf3 18. Bd2 Bd5 19. g5 f5 20. Bxf5 {½-½ (64) Ask,J (2178)-Pantzar,M (2434) Tylosand 2022}) 14... a5 15. Rde1 {[%emt 0:03:42][%cal Of4c7] [#] Black must now prevent Bc7!} Be6 $1 16. f3 Qd5 (16... b4 $17) 17. Be4 (17. Bc7 $11 Nc8 18. Bh7+ Kh8 19. Be4) 17... Qd7 $17 18. Kb1 a4 19. a3 Re7 20. Qd1 Rae8 21. Rhg1 (21. Ka1 $17 {was called for.}) 21... Bf5 $19 22. Bd2 (22. Bc1 $142) 22... Bxe4+ 23. fxe4 Nc4 24. Bc1 Rxe4 25. Rxe4 Rxe4 26. Qxh5 Qe6 {[%emt 0:01:59] Hoping for ...Re2.} 27. Rd1 Re2 28. d5 $2 (28. Qf3 Nxa3+ 29. Ka1 Nc2+ 30. Kb1) 28... Qe4+ 29. Ka1 Qc2 {[%emt 0:08:29][%cal Oc4d2] ( -> ...Nd2!)} 30. Rg1 {[%emt 0:04:25] [#]} Nxa3 $1 {[%emt 0:01:32][%mdl 512] Weighted Error Value: White=0.92/Black=0.06 (flawless)} 0-1

[Event "FIDE CB Open 2022"]
[Site "Ceske Budejovice"]
[Date "2022.07.01"]
[Round "1.7"]
[White "Heimisson, Hilmir Freyr"]
[Black "Milovs, Daniels"]
[Result "1-0"]
[ECO "E62"]
[WhiteElo "2281"]
[BlackElo "1926"]
[Annotator "TA"]
[PlyCount "79"]
[EventDate "2022.07.01"]
[EventType "swiss"]
[EventCountry "CZE"]
[SourceTitle "playchess.com"]
[Source "ChessBase"]
[SourceQuality "1"]
[TimeControl "40/5400+30:1800+30"]

1. d4 Nf6 2. c4 g6 3. Nf3 Bg7 4. g3 O-O 5. Bg2 d6 6. Nc3 Nc6 7. O-O Bg4 8. d5 Na5 9. Nd2 c5 10. Rb1 {[%emt 0:10:49] E62: King's Indian: Fianchetto: 6...c6 and Panno Variation (6...Nc6) without ...a6.} a6 11. a3 Qc7 12. b3 {[%emt 0:02:41] The position is equal.} Rab8 13. Bb2 b5 14. h3 Bd7 15. Qc2 {[%emt 0:00:41] [#]} Rb6 $146 ({Predecessor:} 15... e5 16. dxe6 Bxe6 17. Nce4 Nxe4 18. Nxe4 bxc4 19. Bxg7 Kxg7 20. Qc3+ f6 21. b4 Nb3 22. Rfd1 d5 23. Ng5 Bg8 24. Bxd5 Nd4 25. Bxc4 Qe5 {0-1 (25) Arkell,K (2489)-Socko,B (2617) London 2014}) 16. Na2 bxc4 17. bxc4 Rfb8 {[%emt 0:04:56] [#] And now ...Bf5 would win.} 18. Bc3 Rxb1 19. Rxb1 Rxb1+ 20. Qxb1 h6 21. e4 Nh5 22. Qb2 Bxc3 23. Qxc3 Qb6 24. Bf1 Nb7 25. Kg2 Qa5 26. Qb2 Qc7 27. Nc1 Na5 (27... e5 $14) 28. Nd3 e5 29. Qc3 f5 ({Better is} 29... Nb7 $14) 30. Be2 $16 {[%emt 0:07:51] Hoping for Bxh5.} Nf6 {[%emt 0:00:13] [#]} 31. exf5 $1 Bxf5 32. f4 Ne4 33. Nxe4 Bxe4+ 34. Bf3 (34. Kg1 $16) 34... Bxd3 $11 35. Qxd3 {[%emt 0:00:01] KQB-KQN} Kg7 {[%emt 0:00:02][%mdl 8192] Black cannot hold the game after this.} (35... exf4 $1 $11 36. Qxg6+ Qg7 37. Qe8+ Qf8) 36. fxe5 $18 dxe5 37. d6 Qd7 38. Qd5 {[%emt 0:01:17] Prevents Nb7.} Nxc4 39. Qxc4 Qxd6 40. Qd5 {[%emt 0:00:56] Weighted Error Value: White=0.15 (very precise) /Black=0.27 (precise)} 1-0

[Event "FIDE CB Open 2022"]
[Site "Ceske Budejovice"]
[Date "2022.07.01"]
[Round "1.8"]
[White "Svanda, Adam"]
[Black "Toman, Ondrej"]
[Result "1-0"]
[ECO "A25"]
[WhiteElo "1918"]
[BlackElo "2276"]
[Annotator "TA"]
[PlyCount "90"]
[EventDate "2022.07.01"]
[EventType "swiss"]
[EventCountry "CZE"]
[SourceTitle "playchess.com"]
[Source "ChessBase"]
[SourceQuality "1"]
[TimeControl "40/5400+30:1800+30"]

1. c4 e5 2. Nc3 Nf6 3. g3 Nc6 4. Bg2 Bb4 5. Nd5 Bc5 6. e3 O-O 7. Ne2 Re8 8. O-O {[%emt 0:03:28] A25: English Opening vs King's Indian with ...Nc6 but without early d3.} a5 {[%emt 0:04:21] [#]} (8... Nxd5 $11 9. cxd5 Ne7) 9. d4 ({Better is} 9. Nxf6+ $1 $16 Qxf6 10. f4) 9... Bf8 10. Nec3 {[%emt 0:03:37] [#] White is slightly better.} d6 $146 ({Predecessor:} 10... Nxd5 11. cxd5 Nb8 12. e4 d6 13. f4 f6 14. fxe5 dxe5 15. dxe5 fxe5 16. Be3 Bd6 {½-½ (39) Messina,D (1857)-Ovaskainen,J (1839) Erice 2014}) 11. b3 Nb4 12. Bb2 (12. Nxf6+ $1 $14 gxf6 13. Bb2) 12... Nbxd5 $11 13. Nxd5 Nxd5 14. Bxd5 c6 15. Bg2 Qc7 16. Qc2 g6 17. Rac1 Bg7 18. Rfd1 Qe7 19. dxe5 dxe5 20. c5 Bf5 21. e4 Be6 22. Rd6 Qg5 (22... a4 $5) 23. Rf1 Qh5 24. Qc3 Bh3 (24... a4 $11) 25. Bxh3 $16 Qxh3 26. Qf3 (26. Rfd1 $16) 26... Bf8 $11 27. Rf6 Bxc5 (27... Qd7 $11) 28. Rxf7 $16 Rf8 29. Rf6 ({White has to play} 29. Rxf8+ $16 Rxf8 30. Qc3) 29... Bd4 (29... Qe6 $1 $11 30. Rxe6 Rxf3) 30. Bxd4 $14 exd4 31. e5 (31. Rxf8+ $14 Rxf8 32. Qd3) 31... Qd7 $11 32. Qd3 Rxf6 33. exf6 {[%emt 0:00:08][%mdl 4096] Endgame KQR-KQR} Kf7 34. Rd1 Rd8 35. Qd2 Kxf6 36. Qxa5 Qd5 37. Qxd5 Rxd5 {[%emt 0:00:30] KR-KR} 38. Rd3 $2 {[%emt 0:00:23][%mdl 8192] This costs White the game.} (38. Kf1 $1 $15) 38... Ke5 $19 {[%emt 0:00:12] aiming for ...Ke4.} 39. f3 (39. Kf1) 39... Rc5 40. Rd2 Rc3 {[%emt 0:00:26] Hoping for ...d3.} 41. Kf2 (41. Re2+ {was called for.} Kd6 42. f4) 41... b5 {[%emt 0:02:36] White must now prevent ...c5.} 42. Ke2 (42. b4 $142) 42... Re3+ 43. Kf2 Kd5 44. Re2 {[%emt 0:00:00] [#]} Rc3 45. Re8 Rc2+ {[%emt 0:00:20][%mdl 32768] Weighted Error Value: White=0.46/Black=0.27 (precise) . Loss on time!?} 1-0

[Event "FIDE CB Open 2022"]
[Site "Ceske Budejovice"]
[Date "2022.07.01"]
[Round "1.9"]
[White "Hrbek, Stepan"]
[Black "Stastna, Martina"]
[Result "1-0"]
[ECO "D35"]
[WhiteElo "2272"]
[BlackElo "1912"]
[Annotator "TA"]
[PlyCount "97"]
[EventDate "2022.07.01"]
[EventType "swiss"]
[EventCountry "CZE"]
[SourceTitle "playchess.com"]
[Source "ChessBase"]
[SourceQuality "1"]
[TimeControl "40/5400+30:1800+30"]

1. d4 d5 2. c4 e6 3. Nc3 Nf6 4. cxd5 exd5 5. Bg5 c6 6. e3 Bd6 7. Bd3 Nbd7 8. Nf3 O-O 9. O-O Re8 {[%emt 0:01:12] [#]} 10. Bf4 $146 {[%emt 0:13:56] D35: Queen's Gambit Declined: Exchange Variation.} ({Predecessor:} 10. Qc2 Nf8 11. Rae1 Bg4 12. Bh4 Bxf3 13. gxf3 Be7 14. Bg3 Ne6 15. Kh1 g6 16. f4 Ng7 17. f5 Qd7 18. fxg6 hxg6 {1-0 (37) Matlakov,M (2674)-Xiong,J (2688) Chess.com INT 2022}) 10... Bxf4 11. exf4 Nf8 12. Qc2 {[%emt 0:01:26] The position is equal.} Qb6 13. f5 Bd7 14. Rfe1 Rac8 15. Qb3 (15. Rac1 $142) 15... Qxb3 16. axb3 Rxe1+ 17. Nxe1 Re8 18. Nf3 (18. f3 $11) 18... a6 $15 19. Ne5 Bc8 20. b4 N8d7 21. Nxd7 Bxd7 22. f3 Kf8 23. Kf2 Ke7 24. g4 Kd6 25. h4 g6 26. fxg6 hxg6 27. h5 (27. Rh1 $14) 27... gxh5 $11 28. g5 Ng8 {[%emt 0:00:12] Black wants to play ...Ne7.} 29. Rh1 Ne7 {[%emt 0:01:03] White must now prevent ...Rh8.} 30. Rxh5 Bf5 31. Rh6+ Kd7 32. Bf1 Bg6 33. Bh3+ Kc7 34. Ne2 Rg8 35. Ng3 Kb6 (35... Rf8 $1 $11 {remains equal.}) 36. f4 $16 Bc2 37. Bf1 ({White should play} 37. Ke3 $16) 37... Ng6 (37... Re8 $14 {might be stronger.}) 38. Nh5 (38. Kf3 $16) 38... Bd1 $2 {[%emt 0:00:20] [#]} (38... Re8 $11) 39. Nf6 $18 Rh8 (39... Rg7) 40. f5 {[%emt 0:00:59] White is clearly winning.} Rxh6 41. gxh6 {[%emt 0:30:05][%mdl 4096] Endgame KBN-KBN} Nh8 42. Ke3 Bc2 43. Kf4 Kc7 44. Ke5 Kd8 45. Ng8 Ke8 46. Kf6 Kf8 47. Ne7 Ba4 48. h7 {[%emt 0:00:00] [#] White threatens Bd3 and mate.} Bc2 {[%emt 0:00:00] Inhibits Bd3.} 49. Be2 {[%emt 0:00:00] Weighted Error Value: White=0.15 (very precise) /Black=0.31} 1-0